 Dungeon Crawl Stone Soup version 0.17-a0-1571-g3ed2ab2 (console) character file.

1374 Illaniel the Slasher (level 8, -4/53 HPs)
             Began as a High Elf Skald on July 24, 2015.
             Was a Believer of Okawaru.
             Slain by a killer bee (8 damage)
             ... on level 7 of the Dungeon.
             The game lasted 00:39:45 (8105 turns).

Illaniel the Slasher (High Elf Skald)               Turns: 8105, Time: 00:39:45

Health: -4/53      AC:  2    Str: 13    XL:     8   Next: 39%
Magic:  3/15       EV: 14    Int: 16    God:    Okawaru [**....]
Gold:   218        SH:  0    Dex: 15    Spells: 5 memorised, 4 levels left

rFire  . . .     SeeInvis .     a - +1 falchion
rCold  . . .     Clarity  .     b - -2 leather armour (curse)
rNeg   . . .     SustAt   .     (no shield)
rPois  .         Gourm    .     (no helmet)
rElec  .         Spirit   .     (no cloak)
rCorr  .         Warding  .     j - +0 pair of gloves
rMut   .         Stasis   .     (no boots)
MR     .....                    (no amulet)
Stlth  ++........               (no ring)
                                (no ring)

@: lethally poisoned (-4 -> -4), regenerating, not resistant to hostile
enchantments, unstealthy
A: claws 1, hooves 1
a: Heroism, Renounce Religion


You were on level 7 of the Dungeon.
You worshipped Okawaru.
Okawaru was pleased with you.
You were not hungry.

You visited 2 branches of the dungeon, and saw 8 of its levels.

You collected 218 gold pieces.

Inventory:

Hand weapons
 a - a +1 falchion (weapon)
 v - a +0 blowgun
Missiles
 l - 48 poisoned needles
Armour
 b - a cursed -2 leather armour (worn)
 j - a +0 pair of gloves (worn)
 p - the +3 scale mail of the Bulwark {-Tele rPois MR+ Stlth+, unknown}
   (You found it on level 4 of the Dungeon)

   It protects you from poison.
   It affects your resistance to hostile enchantments.
   It prevents most forms of teleportation.
   It makes you more stealthy.
 q - a +2 leather armour of positive energy
 y - a +1 scale mail of cold resistance
Magical devices
 i - a wand of magic darts (12)
 m - a wand of digging (24)
 z - a wand of cold (0)
Scrolls
 f - 2 scrolls of recharging
 u - a scroll of fog
Potions
 e - 3 potions of flight {unknown}
 h - a potion of ambrosia
 k - 2 potions of cancellation
 o - 2 potions of haste
 r - a potion of agility
 t - a potion of lignification
Books
 c - a book of Battle

   Spells                             Type                      Level
   a - Infusion                       Charms                       1
   b - Shroud of Golubria             Charms/Translocation         2
   c - Song of Slaying                Charms                       2
   d - Spectral Weapon                Hexes/Charms                 3
   e - Regeneration                   Charms/Necromancy            3
Comestibles
 d - 2 bread rations
 g - 3 beef jerkies
 n - 3 meat rations


   Skills:
 + Level 3.6 Fighting
 * Level 5.8 Long Blades
 + Level 2.2 Armour
 * Level 4.8 Dodging
 + Level 2.5 Stealth
 + Level 4.2 Spellcasting
 + Level 2.0 Hexes
 + Level 4.6 Charms
 + Level 2.8 Translocations
 + Level 2.6 Invocations
 + Level 2.4 Evocations


You had 4 spell levels left.
You knew the following spells:

 Your Spells              Type           Power        Failure   Level  Hunger
a - Infusion              Chrm           ###...       3%          1    None
b - Song of Slaying       Chrm           ###.....     6%          2    ##.....
c - Spectral Weapon       Hex/Chrm       ##......     21%         3    ###....
h - Shroud of Golubria    Chrm/Tloc      ###.......   10%         2    ##.....
r - Regeneration          Chrm/Necr      ##........   28%         3    ###....


Dungeon Overview and Level Annotations

Branches:
Dungeon (7/15)             Temple (1/1) D:5

Altars:
Ashenzari
Cheibriados
Dithmenos
Elyvilon
Fedhas
Gozag
Kikubaaqudgha
Makhleb
Nemelex Xobeh
Okawaru
Qazlal
Ru
Sif Muna
Trog
Vehumet
Yredelemnul
Zin
The Shining One

Shops:
D:6 *

Annotations:
D:5 trantor's ghost, experienced HEHu
D:6 Uberwunderbarhen's ghost, experienced OpFi


Innate Abilities, Weirdness & Mutations

You have sharp fingernails.
You have large cloven feet.


Message History

The killer bee poisons you! The killer bee stings you!
* * * LOW HITPOINT WARNING * * *
A bat skeleton comes into view.
You feel sick.
The killer bee stings your spectral weapon!
Your spectral weapon shares its damage with you!
* * * LOW HITPOINT WARNING * * *
The killer bee closely misses your spectral weapon.
Casting: Spectral Weapon
Confirm with . or Enter, or press ? or * to list all spells.
Your skin crawls.
The killer bee closely misses your spectral weapon.
The killer bee stings your spectral weapon.
Your spectral weapon shares its damage with you!
* * * LOW HITPOINT WARNING * * *
You feel sick. The killer bee stings you.
* * * LOW HITPOINT WARNING * * *
You are more poisoned.
The killer bee poisons you! The killer bee stings you!
You die...

▒▒▒ ▒∙▒▒ ▒▒∙▒ ▒▒▒ ▒∙▒▒▒∙▒▒▒▒▒
▒▒∙∙∙∙∙∙∙∙▒▒▒▒
▒∙∙∙∙∙∙∙∙∙∙[▒▒▒
▒▒∙∙∙∙∙∙∙∙∙∙∙∙▒▒▒
▒∙∙∙∙∙∙∙∙∙∙∙∙∙∙▒
▒∙∙∙∙∙∙∙∙∙∙∙∙∙∙▒
▒∙∙∙∙∙∙∙∙∙∙∙∙∙∙▒
▒∙∙∙∙∙∙∙∙∙∙∙∙∙∙▒
▒∙∙∙∙∙∙∙∙∙∙∙∙▒▒▒ ▒▒
▒∙∙∙∙∙∙∙∙∙∙∙▒▒ ▒∙∙∙
▒▒∙∙∙∙∙∙∙∙▒▒▒▒▒∙∙∙∙∙
▒▒∙∙∙∙∙▒▒▒▒∙∙∙∙∙∙∙∙ ▒▒▒▒▒▒▒▒
▒▒∙∙@▒▒∙∙∙∙∙∙∙∙∙y∙ ▒∙∙∙∙∙∙▒
▒▒▒∙(yZ∙∙∙▒▒▒∙∙∙∙y
▒▒∙∙∙∙∙∙▒▒▒▒∙∙▒▒▒▒∙∙∙▒▒∙∙∙∙∙∙
▒∙∙∙∙∙∙∙∙▒∙∙▒▒▒ ▒▒▒∙∙∙∙∙∙∙∙∙
▒▒∙∙∙∙∙∙∙∙∙▒▒▒ ▒▒∙∙∙∙∙∙∙∙
▒∙∙∙∙∙∙∙∙∙∙▒ ▒∙∙∙∙∙∙∙∙
▒∙∙∙∙∙∙∙∙∙∙▒


∙∙∙∙∙∙∙∙∙ ∙∙∙(∙∙∙∙∙∙∙▒ ∙∙∙∙∙∙∙∙∙∙ ∙∙∙∙∙∙∙∙∙∙∙▒ ∙∙∙∙∙∙∙∙∙∙∙ ∙∙∙∙∙∙∙∙∙∙∙▒
▒∙∙∙∙∙∙∙∙∙∙∙ ∙∙∙∙∙∙∙∙∙∙∙▒ ▒▒∙∙∙∙∙∙∙∙∙∙ ∙∙∙∙∙∙∙∙∙∙∙▒ ▒∙∙∙∙∙∙∙∙∙∙ ▒▒∙∙∙∙∙∙∙∙▒▒
▒▒∙∙∙∙∙▒▒▒ You could see a killer bee and a bat skeleton.

Vanquished Creatures
  A water moccasin (D:6)
  A phantom (D:6)
  2 giant frogs (D:7)
  3 killer bees (D:7)
  A crimson imp (D:5)
  2 giant frog zombies
  4 orc priests
  3 hounds (D:4)
  Jessica (D:2)
  3 worker ants
  6 orc wizards
  A killer bee zombie (D:7)
  A hound zombie (D:5)
  10 adders
  3 gnolls
  3 shadow imps
  4 worms
  5 giant geckos
  21 orcs
  A giant cockroach (D:5)
  9 hobgoblins
  11 jackals
  15 bats
  A giant gecko skeleton (D:4)
  A giant newt (D:3)
  18 goblins
  11 kobolds
  2 quokkas
  11 rats
155 creatures vanquished.

Vanquished Creatures (others)
  A spectral weapon (D:5)
1 creature vanquished.

Grand Total: 156 creatures vanquished

Notes
Turn   | Place    | Note
--------------------------------------------------------------
     0 | D:1      | Illaniel the High Elf Skald began the quest for the Orb.
     0 | D:1      | Reached XP level 1. HP: 14/14 MP: 4/4
   100 | D:2      | Reached skill level 1 in Armour
   138 | D:3      | Noticed an orc wizard
   557 | D:2      | Reached XP level 2. HP: 19/19 MP: 2/6
   583 | D:2      | Learned a level 2 spell: Shroud of Golubria
  1053 | D:2      | Found a snail-covered altar of Cheibriados.
  1053 | D:2      | Found an iron altar of Okawaru.
  1060 | D:2      | Became a worshipper of Warmaster Okawaru
  1103 | D:2      | Noticed Jessica
  1112 | D:2      | Killed Jessica
  1112 | D:2      | Reached XP level 3. HP: 7/24 MP: 5/8
  1134 | D:1      | Learned a level 3 spell: Spectral Weapon
  1762 | D:2      | Found a bloodstained altar of Trog.
  2310 | D:3      | Reached XP level 4. HP: 22/29 MP: 1/9
  2435 | D:3      | Learned a level 3 spell: Regeneration
  2935 | D:2      | Reached skill level 4 in Charms
  3074 | D:2      | Gained mutation: You have large cloven feet. [potion of beneficial mutation]
  3267 | D:3      | Killed an orc wizard
  3267 | D:3      | Reached XP level 5. HP: 29/35 MP: 3/10
  3371 | D:3      | Reached skill level 1 in Hexes
  3490 | D:4      | Found an ancient bone altar of Kikubaaqudgha.
  3768 | D:3      | Reached skill level 1 in Evocations
  4019 | D:4      | Reached skill level 1 in Stealth
  4019 | D:4      | Reached skill level 1 in Translocations
  4028 | D:4      | Got a brightly glowing scale mail
  4244 | D:4      | Found a white marble altar of Elyvilon.
  4249 | D:4      | Reached XP level 6. HP: 19/41 MP: 5/12
  4260 | D:4      | Learned a level 2 spell: Song of Slaying
  4382 | D:4      | Found a glowing silver altar of Zin.
  4931 | D:4      | Found an opulent altar of Gozag.
  5014 | D:4      | Acquired Okawaru's first power
  5169 | D:5      | Entered Level 5 of the Dungeon
  5204 | D:5      | Gained mutation: You have sharp fingernails. [potion of beneficial mutation]
  5348 | D:5      | Reached XP level 7. HP: 31/46 MP: 13/13
  5734 | D:5      | Reached skill level 1 in Invocations
  6065 | D:5      | Found a staircase to the Ecumenical Temple.
  6074 | Temple   | Entered the Ecumenical Temple
  6454 | D:5      | Noticed trantor's ghost (experienced HEHu)
  6514 | D:4      | Reached skill level 5 in Long Blades
  7176 | D:6      | Found Hega's Assorted Antiques.
  7176 | D:6      | Noticed Uberwunderbarhen's ghost (experienced OpFi)
  7714 | D:6      | Reached XP level 8. HP: 5/52 MP: 8/14
  8105 | D:7      | Slain by a killer bee

Vault maps used:
D:1:      dpeg_arrival_ternary
D:2:      gammafunk_temple_overflow_pools, lemuel_doored_altar, uniq_jessica
D:4:      kennysheep_mini, kiku_gazebo_garden_becter, kennysheep_little_box,
          hangedman_decor_lopped, elyvilon_altar_3
D:5:      temple_fountains, first_bread, minmay_door_square
D:6:      serial_shops, nicolae_shop_crystal, serial_curves, eino_curves_03,
          eino_curves_01
Temple:   circular_temple_12

Action                   |  1- 3 |  4- 6 |  7- 9 || total
-------------------------+-------+-------+-------++-------
Melee: Falchion          |    95 |   239 |   166 ||   500
 Fire: Blowgun           |       |    12 |     4 ||    16
 Cast: Infusion          |    20 |    34 |    27 ||    81
       Shroud of Golubri |     6 |    15 |    17 ||    38
       Spectral Weapon   |     2 |    19 |    20 ||    41
       Regeneration      |       |    10 |    15 ||    25
Invok: Heroism           |       |       |     1 ||     1
Evoke: Wand              |       |       |     3 ||     3
  Use: Scroll            |       |    12 |     4 ||    16
       Potion            |       |     2 |     1 ||     3
 Stab: Sleeping          |       |       |     1 ||     1
  Eat: Chunk             |     4 |    17 |    12 ||    33
       Fruit             |       |       |     3 ||     3
